 Dungeon Crawl Stone Soup version 0.19-a0-1682-g5114f93 (webtiles) character file.

3929 Kysymysmerkki the Blocker (level 10, -1/84 HPs)
             Began as a Minotaur Fighter on Sept 24, 2016.
             Was a Priest of Cheibriados.
             Slain by a white ugly thing (33 damage)
             ... on level 7 of the Dungeon.
             The game lasted 00:09:53 (7665 turns).

Kysymysmerkki the Blocker (Minotaur Fighter)        Turns: 7665, Time: 00:09:55

Health: -1/84      AC: 16    Str: 40    XL:     10   Next: 1%
Magic:  9/9        EV:  7    Int: 11    God:    Cheibriados [***...]
Gold:   476        SH: 14    Dex: 15    Spells: 2 memorised, 5 levels left

rFire  . . .     SeeInvis .     a - +0 war axe
rCold  . . .     Gourm    .     E - +0 plate armour
rNeg   . . .     Faith    .     c - +0 shield
rPois  .         Spirit   .     (helmet restricted)
rElec  .         Dismiss  .     k - +0 cloak
rCorr  .         Reflect  .     (no gloves)
MR     .....     Harm     .     (no boots)
Stlth  ..........               (no amulet)
                                r - +4 ring of strength (curse)
                                b - +5 ring of strength

@: very slow
A: retaliatory headbutt, horns 2
a: Bend Time, Temporal Distortion, Renounce Religion


You were on level 7 of the Dungeon.
You worshipped Cheibriados.
Cheibriados was most pleased with you.
You were not hungry.

You visited 2 branches of the dungeon, and saw 9 of its levels.
You also visited: Sewer.

You collected 476 gold pieces.

Inventory:

Hand Weapons
 a - a +0 war axe (weapon)
Armour
 c - a +0 shield (worn)
 k - a +0 cloak (worn)
 E - a +0 plate armour (worn)
Jewellery
 b - a +5 ring of strength (left hand)
 m - an uncursed ring of protection from fire
 r - a cursed +4 ring of strength (right hand)
 w - a +3 ring of protection
 F - an uncursed ring of protection from magic
Wands
 g - a wand of confusion (34/48)
 B - a wand of paralysis (18/24)
Scrolls
 j - a scroll of enchant weapon {unknown}
 l - a scroll of remove curse
 n - a scroll of blinking {unknown}
 p - a scroll of enchant armour {unknown}
 q - 2 scrolls of teleportation
 s - a scroll of magic mapping
 t - a scroll of amnesia {unknown}
 v - a scroll of recharging
 x - a scroll of noise {unknown}
 y - a scroll of acquirement {unknown}
 z - a scroll of torment {unknown}
 A - a scroll of fog
Potions
 e - 3 potions of flight
 h - 2 potions of cure mutation
 i - a potion of resistance
 u - a potion of magic
Miscellaneous
 C - a sack of spiders
 D - a box of beasts
Comestibles
 f - 4 bread rations
 o - 4 meat rations


   Skills:
 + Level 6.9 Fighting
 + Level 9.9 Axes
 + Level 9.6 Armour
 + Level 10.3 Shields


You had 5 spell levels left.
You knew the following spells:

 Your Spells              Type           Power        Failure   Level  Hunger
a - Blink                 Tloc           N/A          100%        2    ###....
b - Repel Missiles        Chrm/Air       #.....       100%        2    ###....


Dungeon Overview and Level Annotations

Branches:
Dungeon (8/15)             Temple (1/1) D:7            Lair (0/6) D:8

Altars:
Ashenzari
Cheibriados
Dithmenos
Elyvilon
Fedhas
Kikubaaqudgha
Makhleb
Qazlal
Ru
Trog
Xom

Shops:
D:4 (

Annotations:
D:8 exclusions: obsidian statue and orange crystal statue


Innate Abilities, Weirdness & Mutations

You reflexively headbutt those who attack you in melee.
You have a pair of horns on your head.


Message History

You are too injured to fight recklessly!
You are too injured to fight recklessly!
You are too injured to fight recklessly!
You are too injured to fight recklessly!
You are too injured to fight recklessly!
You are too injured to fight recklessly!
You are too injured to fight recklessly!
You are too injured to fight recklessly!
You are too injured to fight recklessly!
You are too injured to fight recklessly!
You are too injured to fight recklessly!
You are too injured to fight recklessly!
You are too injured to fight recklessly!
You are too injured to fight recklessly!
You are too injured to fight recklessly!
You closely miss the white ugly thing.
The white ugly thing is moderately wounded.
You hit the bush. The white ugly thing tail-slaps you.
The white ugly thing freezes you!!
You die...

.###.##.###.#####.###.#
#.# ........# #.# #.# #.#
#.# ####.##.###.##
#.###.## #.#
#.##.##.#.####.##.#.## #.#
#.##...###.....#.###.###.#
#.#####.#.#.###.## ##.##.#
### ############## ##...#
.......ou.[..# ##.####
.......D#@..P###.##
......o.#P...##.##
.....O.D#...P#.##
.$...u..#P...#.#
.$......#...P### #
..S.....#P...# #
.......[#...P# #
.....(..#P...# # ####'#


You could see a white ugly thing and an orc.

Vanquished Creatures
  The ghost of Protee the Conjurer, an amateur DsCj of Vehumet (D:4)
  A wyvern (D:6)
  A hungry ghost (D:8)
  A vampire mosquito (D:8)
  A water moccasin (D:8)
  An orc warrior (D:8)
  An ice beast (D:8)
  5 ogres
  2 centaurs
  11 big kobolds
  The ghost of IKeelU2 the Chiller, an amateur DEIE (D:3)
  A bullfrog (D:6)
  A gnoll sergeant (D:8)
  A scorpion (D:7)
  3 wights (D:6)
  A howler monkey (D:7)
  3 crimson imps
  A bullfrog zombie (D:6)
  A quasit (D:7)
  3 hounds
  3 jellies (D:7)
  4 orc priests
  4 iguanas
  3 orc wizards
  8 worker ants
  A hound zombie (D:7)
  A hound skeleton (D:8)
  A worker ant zombie (D:4)
  18 adders
  4 gnolls (D:8)
  9 river rats
  6 oozes
  An adder zombie (D:5)
  An adder skeleton (D:6)
  3 worms
  A dart slug (D:3)
  4 leopard geckos
  21 orcs
  4 ball pythons
  9 giant cockroaches
  5 goblins
  7 hobgoblins
  4 jackals
  4 quokkas
  17 bats
  2 frilled lizards
  A jackal skeleton (D:7)
  18 kobolds
  A quokka skeleton (D:4)
  A quokka zombie (D:7)
  13 rats
220 creatures vanquished.

Notes
Turn   | Place    | Note
-------+----------+-------------------------------------------
     0 | D:1      | Kysymysmerkki the Minotaur Fighter began the quest for the Orb.
     0 | D:1      | Reached XP level 1. HP: 19/19 MP: 0/0
   337 | D:1      | Reached XP level 2. HP: 15/27 MP: 1/1
   644 | D:1      | Reached skill level 4 in Shields
   935 | D:2      | Reached XP level 3. HP: 34/34 MP: 2/2
  1034 | D:2      | Found a bloodstained altar of Trog.
  1034 | D:2      | Found a white marble altar of Elyvilon.
  1036 | D:2      | Found a sacrificial altar of Ru.
  1435 | D:2      | Reached XP level 4. HP: 41/41 MP: 3/3
  1517 | D:3      | Noticed IKeelU2's ghost (amateur DEIE)
  1534 | D:3      | Killed IKeelU2's ghost
  1534 | D:3      | Reached skill level 5 in Fighting
  1534 | D:3      | Reached skill level 5 in Shields
  1534 | D:3      | Reached XP level 5. HP: 26/48 MP: 4/4
  2499 | D:4      | Found Jemiwuuh's Weapon Shop.
  2536 | D:4      | Learned a level 2 spell: Blink
  2539 | D:4      | Learned a level 2 spell: Repel Missiles
  2754 | D:4      | Reached XP level 6. HP: 56/56 MP: 5/5
  2926 | D:4      | Noticed Protee's ghost (amateur DsCj)
  2945 | D:4      | Killed Protee's ghost
  2945 | D:4      | Reached skill level 5 in Axes
  2945 | D:4      | Reached skill level 6 in Shields
  3223 | D:4      | Reached skill level 5 in Armour
  3292 | D:4      | Reached XP level 7. HP: 61/61 MP: 6/6
  3544 | D:5      | Entered Level 5 of the Dungeon
  4160 | D:5      | Reached skill level 7 in Shields
  4401 | D:6      | Reached XP level 8. HP: 57/68 MP: 7/7
  4433 | D:6      | Found a glowing drain.
  4442 | Sewer    | Entered a sewer
  4733 | Sewer    | Reached skill level 8 in Shields
  5366 | D:6      | Found a blossoming altar of Fedhas.
  5669 | D:6      | Reached skill level 9 in Shields
  5694 | D:6      | Reached XP level 9. HP: 74/74 MP: 8/8
  6180 | D:7      | Found a staircase to the Ecumenical Temple.
  6191 | Temple   | Entered the Ecumenical Temple
  6197 | Temple   | Became a worshipper of Cheibriados the Contemplative
  6897 | D:8      | Reached * piety under Cheibriados
  6952 | D:8      | Noticed an obsidian statue
  6956 | D:8      | Noticed an orange crystal statue
  6964 | D:8      | Reached ** piety under Cheibriados
  6976 | D:8      | Reached skill level 10 in Shields
  7433 | D:8      | Found a staircase to the Lair.
  7609 | D:7      | Reached *** piety under Cheibriados
  7649 | D:7      | Noticed a white ugly thing
  7651 | D:7      | Reached XP level 10. HP: 83/84 MP: 9/9
  7653 | D:7      | Noticed a black mamba
  7665 | D:7      | Slain by a white ugly thing

Vault maps used:
D:1:      ncdulo_lavacross
D:2:      gammafunk_temple_overflow_claw, minmay_misc_feat_columns,
          minmay_pentomino_o2
D:4:      serial_shops, kennysheep_mini_moat
D:5:      first_bread
D:6:      portal_sewer_entry_d, fedhas_altar_4
D:7:      minmay_klotski
D:8:      minmay_separated_statues, grunt_lair_entry_orc_guard_hut,
          serial_shops, shop, minmay_radiant
Temple:   eino_narrow_crystal_temple
Sewer:    sewer_co_tree

Skill      XL: |  1  2  3  4  5  6  7  8  9 |
---------------+----------------------------+-----
Fighting       | 4 5 6 |  6.9
Shields        | 4 5 6 7 9 10 | 10.3
Axes           | 3 4 5 6 8 9 |  9.9
Armour         | 4 5 6 8 9 |  9.6

Action                   |  1- 3 |  4- 6 |  7- 9 | 10-12 || total
-------------------------+-------+-------+-------+-------++-------
Melee: War axe           |    84 |   108 |   412 |    12 ||   616
       Headbutt          |    12 |    12 |    83 |     3 ||   110
  Use: Scroll            |     5 |     4 |     8 |       ||    17
       Potion            |       |     2 |     1 |       ||     3
  Eat: Chunk             |     2 |     6 |    12 |       ||    20
       Beef jerky        |       |       |     1 |       ||     1
       Bread ration      |       |       |     1 |       ||     1
       Fruit             |       |       |     1 |       ||     1
Armor: Scale mail        |    57 |     5 |       |       ||    62
       Chain mail        |       |    49 |   163 |       ||   212
       Plate armour      |       |       |    13 |    10 ||    23
Dodge: Dodged            |    27 |    26 |    97 |     5 ||   155
Block: Shield            |    48 |    63 |   264 |    12 ||   387
